 Dungeon Crawl Stone Soup version 0.28-a0-653-g7e9dba17c3 (webtiles) character file.

Game seed: 1831377064001335284

16 ryw the Insei (level 2, -1/23 HPs)
             Began as a Demonspawn Gladiator on Oct 11, 2021.
             Succumbed to a goblin's poison
             ... on level 1 of the Dungeon.
             The game lasted 00:00:45 (215 turns).

ryw the Insei (Demonspawn Gladiator)                 Turns: 215, Time: 00:00:46

Health: -1/23      AC:  4    Str: 14    XL:     2   Next: 41%
Magic:  2/2        EV: 12    Int:  9    God:
Gold:   0          SH:  0    Dex: 14    Spells: 1/1 levels left

rFire   . . .      SeeInvis .     - Unarmed
rCold   . . .      Faith    .   (no shield)
rNeg    . . .      Spirit   .   a - +0 leather armour
rPois   .          Reflect  .   b - +0 helmet
rElec   .          Harm     .   (no cloak)
rCorr   .          Rampage  .   (no gloves)
Will    .....                   (no boots)
Stlth   +.........              (no amulet)
HPRegen 0.07/turn               (no ring)
MPRegen 0.08/turn               (no ring)

@: lethally poisoned (-1 -> -8)
A: claws 1
a: no special abilities


You were on level 1 of the Dungeon.
You visited 1 branch of the dungeon, and saw 1 of its levels.

Inventory:

Missiles
 c - 3 throwing nets (quivered)
Armour
 a - a +0 leather armour (worn)
 b - a +0 helmet (worn)


   Skills:
 - Level 2.8 Fighting
 - Level 1.7 Throwing
 - Level 2.6 Dodging
 * Level 2.9 Unarmed Combat


You had one spell level left.
You didn't know any spells.
Your spell library contained the following spells:

 Spells                   Type           Power      Damage    Failure   Level
 Sting                    Tmut/Pois      0%         1d3       45%         1
 Poisonous Vapours        Pois/Air       0%         N/A       61%         2
 Olgreb's Toxic Radiance  Pois           0%         N/A       99%         4


Dungeon Overview and Level Annotations

Branches:
Dungeon (1/15)

Altars:


Innate Abilities, Weirdness & Mutations

You have sharp fingernails.


Message History

You closely miss the jackal.
The jackal is almost dead.
The jackal bites you but does no damage.
You barely miss the jackal.
The jackal is almost dead.
The jackal barely misses you. The jackal bites you.
You scratch the jackal.
You kill the jackal!
You closely miss the goblin. The goblin barely misses you.
You miss the goblin. The goblin closely misses you.
You closely miss the goblin.
The goblin hits you with a +2 dagger of venom.
You are lethally poisoned!
You scratch the goblin.
The goblin is heavily wounded.
You feel very sick. The goblin barely misses you.
You aren't carrying any potions.
Unknown command.
Unknown command.
You barely miss the goblin.
The goblin is heavily wounded.
You feel sick. The goblin hits you but does no damage.
You are more poisoned.
You closely miss the goblin.
The goblin is heavily wounded.
* * * LOW HITPOINT WARNING * * *
You feel very sick. The goblin closely misses you.
Unknown command.
You claw the goblin!
You kill the goblin!
* * * LOW HITPOINT WARNING * * *
You feel very sick.
You closely miss the ball python.
* * * LOW HITPOINT WARNING * * *
You feel sick. The ball python misses you. The ball python barely misses you.
You scratch the ball python.
The ball python is severely wounded.
You die...

#..#### .....$. #..#..###
####. .......
#.......###..#.# .......
#..<....##....# ..... .
###..#..##....# .$. ...
######..##....####.#g....
##.......##....##.....#
#.......###....##.##..#
#..###### #....@SJ# J#
#..###### #....#### .#
#.......###....# ..
##....)..##....### ..
######).##......#. .
#######†.##..........
#....................
#.............###....
#....................


You could see an endoplasm and a ball python.

Vanquished Creatures
  2 bats (D:1)
  3 goblins (D:1)
  4 jackals (D:1)
  2 quokkas (D:1)
  A ball python (D:1)
  A rat (D:1)
13 creatures vanquished.

Notes
Turn   | Place    | Note
-------+----------+-------------------------------------------
     0 | D:1      | ryw the Demonspawn Gladiator began the quest for the Orb.
     0 | D:1      | Reached XP level 1. HP: 16/16 MP: 1/1
   177 | D:1      | Gained mutation: You have sharp fingernails. [demonic
                  | ancestry]
   177 | D:1      | Reached XP level 2. HP: 23/23 MP: 2/2
   214 | D:1      | HP: 1/23 [poisoned by a goblin]
   215 | D:1      | Succumbed to a goblin's poison

Illustrated notes

Levels and vault maps discovered:
D:1:      minmay_arrival_wavy_path, layout_rooms, minmay_3d_cube

Action                   || total
-------------------------++-------
Melee: Unarmed           ||    59
       Punch             ||     1
Armor: Leather armour    ||    15
Dodge: Dodged            ||    42

Table legend: (Time is in decaauts)
 A = Elapsed time spent in this place.
 B = Non-inter-level travel time spent in this place.
 C = Inter-level travel time spent in this place.
 D = Time resting spent in this place.
 E = Time spent auto-exploring this place.
 F = Levels seen in this place.
 G = Mean time per level.
                   A        B        C        D        E       F      G
               +--------+--------+--------+--------+--------+-----+--------+
         Total |    212 |    212 |      0 |    104 |     30 |   1 |  212.0 |
       Dungeon |    212 |    212 |      0 |    104 |     30 |   1 |  212.0 |
               +--------+--------+--------+--------+--------+-----+--------+

Top non-repeatable levels by time:
     D:1: 212 daAuts
